 Dungeon Crawl Stone Soup version 0.19-a0-503-g45a6586 (webtiles) character file.

30 Duffy the Skirmisher (level 3, 34/34 HPs)
             Began as a Naga Fighter on June 5, 2016.
             Was a Follower of Trog.
             Quit the game on level 2 of the Dungeon.
             The game lasted 00:01:32 (936 turns).

Duffy the Skirmisher (Naga Fighter)                  Turns: 936, Time: 00:01:33

Health: 34/34      AC:  5    Str: 19    XL:     3   Next: 20%
Magic:  4/4        EV:  3    Int:  8    God:    Trog [*.....]
Gold:   46         SH:  8    Dex: 10    Spells: 0 memorised, 2 levels left

rFire  . . .     SeeInvis +     a - +0 flail
rCold  . . .     Gourm    .     m - +0 chain mail
rNeg   . . .     Faith    .     c - +0 shield
rPois  +         Spirit   .     (no helmet)
rElec  .         Dismiss  .     (no cloak)
rCorr  .         Reflect  .     (no gloves)
SustAt .         Harm     .     (no barding)
MR     .....                    e - amulet of rage
Stlth  ..........               (no ring)
                                b - ring of loudness (curse)

@: very slow, not resistant to hostile enchantments, extremely unstealthy
A: see invisible, deformed body, poison resistance, slowness 2, slow metabolism
1, spit poison 2, AC +1
a: Spit Poison, Berserk, Burn Spellbooks, Renounce Religion, Evoke Berserk Rage


You were on level 2 of the Dungeon.
You worshipped Trog.
Trog was aware of your devotion.
You were not hungry.

You visited 1 branch of the dungeon, and saw 2 of its levels.

You collected 46 gold pieces.


Innate Abilities, Weirdness & Mutations

You cannot wear boots.
Your serpentine skin is tough. (AC +1)
You have supernaturally acute eyesight. (SInv)
Armour fits poorly on your strangely shaped body.
Your system is resistant to poisons. (rPois)
You cover ground very slowly.
You have a slow metabolism.
You can spit poison.


   Skills:
 - Level 3.0 Fighting
 + Level 2.9 Maces & Flails
 - Level 2.4 Armour
 - Level 2.4 Shields
 + Level 1.7 Evocations


You had 2 spell levels left.
You didn't know any spells.

Inventory:

Hand Weapons
 a - a +0 flail (weapon)
Missiles
 l - 4 tomahawks (quivered)
Armour
 c - a +0 shield (worn)
 m - a +0 chain mail (worn)
Jewellery
 b - a cursed ring of loudness (left hand)
 e - an amulet of rage (around neck)
Scrolls
 g - 2 scrolls of identify {unknown}
 h - 2 scrolls of remove curse {unknown}
Potions
 d - a potion of might
 i - a potion of lignification {unknown}
 j - a potion of agility {unknown}
Comestibles
 f - a bread ration
 k - 2 meat rations

Dungeon Overview and Level Annotations

Branches:
Dungeon (2/15)

Altars:
Trog


Message History

The dart slug launches a dart at you. The slug dart hits you!
You block the dart slug's attack.
You hit the dart slug.
The dart slug is moderately wounded.
You block the dart slug's attack.
You hit the dart slug but do no damage.
The dart slug is moderately wounded.
You block the dart slug's attack.
You sock the dart slug!
You kill the dart slug!
No target in view!
No target in view!
You see here a chain mail.
m - a chain mail Wear which item? (? for menu, Esc to quit)
You start removing your armour.
You continue taking off your +0 scale mail. x4
You finish taking off your +0 scale mail.
You start putting on your armour.
You continue putting on your chain mail. x5
You finish putting on your +0 chain mail.
Drop what? 13/52 slots (_ for help) (? for menu, Esc to quit)
You drop a +0 scale mail.
Found a stone staircase leading down.
You see here a dart slug corpse.
Use which ability? (? or * to list)
Okay, then.
You found a teleport trap!
Found a faded altar of an unknown god.
Found a meat ration.
There is a faded altar of an unknown god here.
This altar will convert you to a god.
You cannot discern which.
Do you pray?
Okay, then.
This altar will convert you to a god.
You cannot discern which.
Do you pray? Trog accepts your prayer! Trog welcomes you!
You can now call upon Trog to burn spellbooks in your surroundings.
You can now go berserk at will.
k - 2 meat rations (gained 1) Use which ability? (? or * to list)
Okay, then.
Found a steel ring and a slice of pizza.
Found a stone staircase leading down.
b - a steel ring Put on which piece of jewellery? (? for menu, Esc to quit)
Oops, that ring feels deathly cold.
b - a cursed ring of loudness (left hand)
There is a stone staircase leading down here.
Are you sure you want to abandon this character and quit the game? (Confirm with "yes".)

............#
.###....8...#
.####..8.8..###########
......8._.8...........#
###....8.8...#.#...##.#
#.#...8......#...##
#.#........#####..#
#.##.##.##...#....#
#.......##...#@...#
####.####...........#
#.# #.######.#### #.#
#.# #.# #%# #.# #.


There were no monsters in sight!

Action                   || total
-------------------------++-------
Melee: Flail             ||    47
 Abil: Spit Poison       ||    10
Armor: Scale mail        ||    26
Dodge: Dodged            ||    12
Block: Shield            ||    32

Notes
Turn   | Place    | Note
--------------------------------------------------------------
     0 | D:1      | Duffy the Naga Fighter began the quest for the Orb.
     0 | D:1      | Reached XP level 1. HP: 21/21 MP: 1/1
   101 | D:1      | Reached XP level 2. HP: 20/28 MP: 2/2
   102 | D:1      | Reached skill level 1 in Evocations
   576 | D:1      | Reached XP level 3. HP: 34/34 MP: 4/4
   910 | D:2      | Found a faded altar of an unknown god.
   918 | D:2      | Became a worshipper of Trog the Wrathful
   918 | D:2      | Reached * piety under Trog
   936 | D:2      | Quit the game

Skill      XL: |  1  2 |
---------------+-------+-----
Evocations     | 1 |  1.7
Fighting       | |  3.0
Maces & Flails | |  2.9
Armour         | |  2.4
Shields        | |  2.4

Vault maps used:
D:1:      minmay_arrival_open_corners, serial_bayou_pond_e
D:2:      ecumenical_altar_2, eino_tiny_chamber

Vanquished Creatures
  2 dart slugs
  A giant gecko
  A giant cockroach
  2 goblins
  5 hobgoblins
  2 jackals
  2 kobolds
  A ball python
  4 bats
  3 rats
23 creatures vanquished.
